 Dungeon Crawl Stone Soup version 0.24.0-37-gcf1ca852f1 (webtiles) character file.

Game seed: 8298858483356972359, levelgen mode: deterministic

69212 Goreval the Devastator (level 15, -9/92 HPs)
             Began as a Tengu Air Elementalist on Dec 5, 2019.
             Was a High Priest of Vehumet.
             Shot with a bolt by a tengu warrior (12 damage)
             ... on level 14 of the Dungeon.
             The game lasted 02:00:42 (35449 turns).

Goreval the Devastator (Tengu Air Elementalist)    Turns: 35449, Time: 02:00:42

Health: -9/92      AC: 16    Str: 12    XL:     15   Next: 29%
Magic:  4/31       EV: 20    Int: 26    God:    Vehumet [*****.]
Gold:   827        SH:  5    Dex: 15    Spells: 11/37 levels left

rFire    . . .     SeeInvis .   v - staff of poison
rCold    + . .     Gourm    .   i - +0 buckler of the Midnight Sun {rC+ rCorr Stlth-}
rNeg     . . .     Faith    .   X - +7 ring mail "Xypent" {MR+ Str+3}
rPois    +         Spirit   .   (helmet restricted)
rElec    .         Reflect  .   S - +1 cloak
rCorr    +         Harm     .   C - +1 pair of gloves
MR       ++...                  (boots unavailable)
Stlth    ..........             N - amulet of magic regeneration
HPRegen  0.25/turn              p - +5 ring of intelligence
MPRegen  0.47/turn              A - ring of wizardry

@: flying quickly and evasively, quick
A: beak, talons 3, able to fly
a: Stop Flying, Renounce Religion


You were on level 14 of the Dungeon.
You worshipped Vehumet.
Vehumet was extremely pleased with you.
You were not hungry.

You visited 4 branches of the dungeon, and saw 22 of its levels.
You visited the Abyss 1 time.
You also visited: Ossuary.

You collected 1220 gold pieces.
You spent 393 gold pieces at shops.

Inventory:

Hand Weapons
 y - a +4 short sword
Missiles
 h - 505 stones (quivered)
 P - a throwing net
Armour
 i - the +0 buckler of the Midnight Sun (worn) {rC+ rCorr Stlth-}
   (You found it on level 6 of the Lair of Beasts)

   It protects you from cold.
   It provides partial protection from all sources of acid and corrosion.
   It makes you less stealthy.
 C - a +1 pair of gloves (worn)
 L - a +1 ring mail of fire resistance
 S - a +1 cloak (worn)
 U - a +2 robe of positive energy
 V - a +2 robe of cold resistance
 X - the +7 ring mail "Xypent" (worn) {MR+ Str+3}
   (You took it off Rupert on level 12 of the Dungeon)

   It affects your strength (+3).
   It affects your resistance to hostile enchantments.
Magical Staves
 v - an uncursed staff of poison (weapon)
 R - an uncursed staff of death
Jewellery
 o - an uncursed ring of ice
 p - a +5 ring of intelligence (left hand)
 q - a +3 ring of protection
 A - a ring of wizardry (right hand)
 J - a +2 ring of slaying
 M - an uncursed ring of resist corrosion
 N - an amulet of magic regeneration (around neck)
 Q - an uncursed ring of fire
Wands
 z - a wand of disintegration (19)
 H - a wand of digging (8)
 K - a wand of polymorph (27)
 T - a wand of iceblast (5)
Scrolls
 g - 3 scrolls of enchant armour
 j - 2 scrolls of immolation
 k - a scroll of teleportation
 m - 7 scrolls of remove curse
 s - a scroll of vulnerability
 w - a scroll of magic mapping
 x - 2 scrolls of enchant weapon
 D - a scroll of torment
 O - 2 scrolls of fear
 W - a scroll of acquirement {unknown}
Potions
 a - 2 potions of mutation {unknown}
 b - 2 potions of might
 d - 6 potions of resistance
 e - a potion of berserk rage {unknown}
 l - 6 potions of haste
 n - 7 potions of brilliance
 r - a potion of cancellation {unknown}
 t - 4 potions of agility
 u - 2 potions of invisibility
 B - 4 potions of curing
 E - 2 potions of lignification
 F - 2 potions of ambrosia
 G - a potion of heal wounds
 I - 4 potions of flight {unknown}
Comestibles
 c - 18 rations
 f - 5 chunks of flesh


   Skills:
 + Level 9.8 Fighting
 + Level 10.8 Dodging
 - Level 2.0 Stealth
 - Level 4.0 Shields
 * Level 11.7 Spellcasting
 * Level 17.7 Conjurations
 - Level 4.6 Translocations
 + Level 13.7 Air Magic
 + Level 2.7 Evocations


You had 11 spell levels left.
You knew the following spells:

 Your Spells              Type           Power        Failure   Level  Hunger
b - Airstrike             Air            ######....   1%          4    None
c - Lightning Bolt        Conj/Air       #######...   1%          5    ###....
d - Mephitic Cloud        Conj/Pois/Air  #######.     1%          3    None
e - Conjure Ball Lightni  Conj/Air       #######...   1%          6    #####..
k - Swiftness             Chrm/Air       ######..     1%          2    None
m - Passage of Golubria   Tloc           N/A          5%          4    None
n - Blink                 Tloc           N/A          1%          2    None

Your spell library contained the following spells:

 Spells                   Type           Power        Failure   Level  Hunger
 Yara's Violent Unravell  Hex/Tmut       ###.......   24%         5    ###....
 Magic Dart               Conj           ####         0%          1    None
 Shock                    Conj/Air       ####         0%          1    None
 Shroud of Golubria       Chrm/Tloc      ####..       1%          2    None
 Conjure Flame            Conj/Fire      ######..     1%          3    None
 Gell's Gravitas          Tloc           #####.....   1%          3    None
 Lesser Beckoning         Tloc           #####.....   1%          3    None
 Static Discharge         Conj/Air       #######.     1%          3    None
 Teleport Other           Tloc           #####...     1%          3    None
 Summon Lightning Spire   Summ/Air       ######..     2%          4    None
 Summon Butterflies       Summ           ###.....     3%          1    None
 Summon Small Mammal      Summ           ###.         3%          1    None
 Call Imp                 Summ           ###.....     5%          2    None
 Slow                     Hex            ###.....     5%          2    None
 Call Canine Familiar     Summ           ###.....     11%         3    None
 Summon Guardian Golem    Hex/Summ       ###.....     11%         3    None
 Summon Ice Beast         Ice/Summ       ###.....     32%         4    None
 Summon Mana Viper        Hex/Summ       ###.....     65%         5    ###....
 Summon Hydra             Summ           ###.......   100%        7    ######.


Dungeon Overview and Level Annotations

Branches:
Dungeon (14/15)            Temple (1/1) D:6            Lair (6/6) D:8
 Shoals (0/4) Lair:3        Snake (0/4) Lair:4        Slime (0/5) Lair:5
    Orc (1/2) D:12         Vaults (0/5) D:14        Ossuary (visited)

Altars:
Ashenzari
Cheibriados
Dithmenos
Elyvilon
Fedhas
Gozag
Hepliaklqana
Kikubaaqudgha
Makhleb
Nemelex Xobeh
Okawaru
Qazlal
Ru
Sif Muna
Trog
Uskayaw
Vehumet
Wu Jian
Xom
Yredelemnul
Zin
The Shining One
Beogh
Jiyva

Shops:
D:11 *

Annotations:
D:12 1 runed translucent door, 2 transporters, exclusion: orange crystal statue, Naggiasi's ghost, journeyman KoAs
Lair:5 4 runed translucent doors, Democracy123's ghost, adept FoFi; Froggeryz's ghost, journeyman GrMo; Hairutzoic's ghost, journeyman MiBe; nano's ghost, journeyman KoNe


Innate Abilities, Weirdness & Mutations

You have a beak for a mouth.
You have claws for feet.
You can fly continuously.


Message History

Okay, then.
Okay, then.
Okay, then.
The mass of ice explodes!
The iceblast engulfs the centaur!
The centaur is engulfed in noxious fumes.
The centaur shoots an arrow.
The arrow hits you!
* * * LOW HITPOINT WARNING * * *
The centaur is engulfed in noxious fumes.
The centaur appears confused.
The mass of ice explodes!
The iceblast engulfs the centaur!
The centaur is engulfed in noxious fumes.
The centaur appears confused.
You kill the centaur!
Vehumet accepts your kill.
You feel your power returning.
You start resting.
A tengu warrior opens the door.
It is wielding a +0 arbalest.
You reach down and close the door.
A tengu warrior opens the door.
The tengu warrior shoots a bolt.
The bolt hits you!
You die...

#.)# ##)# #####'####
#........# #........#
# #........# ##
#..()....######.
######Q(......##.....
#)ยง(@'........'..####
#)####........####
..c.....# #........#
...c..### #........#
..c... ##########
#####


You could see a tengu warrior.

Vanquished Creatures
  Rupert (D:12)
  A dire elephant (Lair:6)
  Josephine (D:10)
  Erolcha (D:12)
  7 hydras
  Erica (D:8)
  A catoblepas (Lair:6)
  2 dancing weapons (D:14)
  2 centaur warriors (D:14)
  4 death yaks
  5 two-headed ogres
  A deep troll shaman (Lair:6)
  Sonja (D:10)
  An unseen horror (D:14)
  A wizard (D:14)
  A deep elf mage (D:12)
  A manticore (D:11)
  3 cyclopes
  18 elephants
  Maurice (D:9)
  2 merfolk sirens (Lair:3)
  5 black mambas
  3 gargoyles
  14 spiny frogs
  5 komodo dragons
  A rime drake (Lair:4)
  An efreet (D:14)
  4 trolls
  2 merfolk (Lair:3)
  3 polar bears (Lair:6)
  A queen bee (D:10)
  Grinder (D:5)
  6 slime creatures (D:14)
  16 blink frogs
  6 hippogriffs
  7 dream sheep
  6 spriggans (Lair:6)
  5 wraiths
  30 yaks
  5 wyverns
  A basilisk (Lair:3)
  A human (shapeshifter) (D:13)
  Grum (Lair:1)
  A vampire mosquito (D:11)
  A hungry ghost (D:7)
  2 acid dragons
  15 water moccasins
  9 porcupines
  11 orc warriors
  4 black bears
  3 ice beasts
  3 sky beasts
  5 ogres
  13 wolves
  3 phantoms
  5 centaurs
  7 crocodiles
  2 big kobolds
  2 elf zombies (Ossuary)
  16 bullfrogs
  A wyvern zombie (D:7)
  2 gnoll sergeants (D:11)
  9 scorpions
  A wyvern skeleton (D:14)
  36 killer bees
  14 wights
  5 howler monkeys
  7 crimson imps
  4 jellies
  2 human zombies (Ossuary)
  2 quasits
  3 centaur zombies
  5 hounds
  2 bullfrog zombies
  3 centaur skeletons
  9 orc priests
  A gnoll shaman (D:6)
  A bullfrog skeleton (D:12)
  3 iguanas
  4 orc wizards
  12 worker ants
  2 big kobold zombies (Ossuary)
  A hound zombie (D:5)
  2 mummies (Ossuary)
  14 adders
  9 gnolls
  5 shadow imps
  2 oozes
  An adder zombie (D:9)
  3 worms
  2 dart slugs
  5 leopard geckos
  45 orcs
  3 ball pythons
  11 giant cockroaches
  7 goblins
  5 hobgoblins
  12 kobolds
  6 quokkas
  5 bats
  8 frilled lizards
  A goblin zombie (Ossuary)
  5 hobgoblin zombies (Ossuary)
  2 jackal zombies (Ossuary)
  6 kobold zombies (Ossuary)
  15 orc zombies (Ossuary)
  4 rats
  A rat zombie (Ossuary)
  A bush (Lair:6)
  9 fungi
  7 plants
607 creatures vanquished.

Vanquished Creatures (collateral kills)
  2 ball lightnings (D:8)
2 creatures vanquished.

Vanquished Creatures (others)
  Pikel (D:4)
  A centaur skeleton (D:14)
  16 ball lightnings
  3 slaves (D:4)
  A centaur (D:14)
  A bullfrog (D:14)
  An orc wizard (D:4)
  A worm (D:4)
  2 orcs (D:4)
  A quokka (D:9)
  43 fungi
  10 plants
  2 withered plants (Lair:5)
83 creatures vanquished.

Grand Total: 692 creatures vanquished

Notes
Turn   | Place    | Note
-------+----------+-------------------------------------------
     0 | D:1      | Goreval the Tengu Air Elementalist began the quest for the
                  | Orb.
     0 | D:1      | Reached XP level 1. HP: 10/10 MP: 4/4
   185 | D:1      | Reached skill level 2 in Conjurations
   185 | D:1      | Reached XP level 2. HP: 15/15 MP: 0/6
   755 | D:2      | Learned a level 2 spell: Swiftness
  1073 | D:1      | Reached XP level 3. HP: 16/19 MP: 3/7
  1264 | D:2      | Found a sacrificial altar of Ru.
  1264 | D:2      | Found a radiant altar of Vehumet.
  1269 | D:2      | Became a worshipper of Vehumet
  1310 | D:2      | Reached skill level 3 in Conjurations
  1565 | D:2      | Reached skill level 5 in Air Magic
  1565 | D:2      | Reached XP level 4. HP: 24/24 MP: 4/8
  1596 | D:2      | Learned a level 4 spell: Airstrike
  2275 | D:3      | Found a faded altar of an unknown god.
  2552 | D:3      | Found a bloodstained altar of Trog.
  2696 | D:3      | Found a sparkling altar of Nemelex Xobeh.
  2720 | D:3      | Reached * piety under Vehumet
  2720 | D:3      | Offered knowledge of Sting by Vehumet.
  2856 | D:4      | Reached skill level 4 in Conjurations
  2913 | D:4      | Gained mutation: You can fly continuously. [Tengu growth]
  2913 | D:4      | Reached XP level 5. HP: 28/28 MP: 6/10
  2916 | D:4      | Killed Pikel
  2924 | D:4      | Noticed a freed slave
  2927 | D:4      | Found a shimmering altar of Xom.
  2927 | D:4      | Noticed a freed slave
  2931 | D:4      | Killed a freed slave
  2945 | D:4      | Killed a freed slave
  2948 | D:4      | Killed a freed slave
  3079 | D:4      | Found a sand-covered staircase.
  3084 | Ossuary  | Entered an ossuary
  3618 | Ossuary  | Reached ** piety under Vehumet
  3618 | Ossuary  | Offered knowledge of Flame Tongue by Vehumet.
  3700 | Ossuary  | HP: 1/28 [mummy (15)]
  3885 | Ossuary  | Reached XP level 6. HP: 32/32 MP: 0/11
  3986 | Ossuary  | Reached skill level 5 in Conjurations
  4225 | D:4      | Reached XP level 7. HP: 29/36 MP: 9/13
  4364 | D:4      | Reached skill level 6 in Conjurations
  4592 | D:4      | Found an iron altar of Okawaru.
  4929 | D:5      | Entered Level 5 of the Dungeon
  5053 | D:5      | Offered knowledge of Conjure Flame by Vehumet.
  5053 | D:5      | Reached skill level 7 in Conjurations
  5177 | D:5      | Reached XP level 8. HP: 41/42 MP: 3/15
  5320 | D:5      | Found a burning altar of Makhleb.
  5336 | D:5      | Noticed a balrug
  5425 | D:5      | Noticed Grinder
  5425 | D:5      | Paralysed by Grinder for 3 turns
  5450 | D:5      | Killed Grinder
  5450 | D:5      | Reached skill level 1 in Fighting
  5537 | D:5      | You are sucked into a shaft and drop 1 floor!
  5576 | D:6      | Reached skill level 8 in Conjurations
  5822 | D:5      | Found a glowing silver altar of Zin.
  5823 | D:5      | Noticed an angel
  5942 | D:5      | Reached *** piety under Vehumet
  6159 | D:6      | Learned a level 5 spell: Lightning Bolt
  6404 | D:6      | Found a hazy altar of Hepliaklqana.
  6636 | D:6      | Found a staircase to the Ecumenical Temple.
  6644 | Temple   | Entered the Ecumenical Temple
  6813 | D:6      | Found a snail-covered altar of Cheibriados.
  7047 | D:6      | Reached XP level 9. HP: 40/48 MP: 11/16
  7275 | D:6      | Reached skill level 9 in Conjurations
  7537 | D:6      | Offered knowledge of Mephitic Cloud by Vehumet.
  7544 | D:6      | Learned a level 3 spell: Mephitic Cloud
  7594 | D:6      | Reached skill level 5 in Spellcasting
  8051 | D:6      | Reached skill level 10 in Air Magic
  8361 | D:7      | Reached skill level 10 in Conjurations
  8383 | D:7      | Reached **** piety under Vehumet
  8838 | D:7      | Offered knowledge of Iskenderun's Mystic Blast by Vehumet.
  8838 | D:7      | Reached skill level 5 in Dodging
  8937 | D:7      | Reached XP level 10. HP: 56/56 MP: 19/19
  8951 | D:7      | Learned a level 2 spell: Blink
  9539 | D:8      | Reached skill level 11 in Conjurations
  9770 | D:8      | Found a sparkling altar of Nemelex Xobeh.
 10126 | D:8      | Reached skill level 1 in Translocations
 10858 | D:8      | Found a staircase to the Lair.
 11395 | D:9      | Reached ***** piety under Vehumet
 11400 | D:9      | Offered knowledge of Conjure Ball Lightning by Vehumet.
 11411 | D:9      | Noticed Maurice
 11537 | Lair:1   | Entered Level 1 of the Lair of Beasts
 11545 | Lair:2   | Found a dark tunnel.
 11569 | Lair:1   | Reached skill level 5 in Fighting
 11573 | Lair:1   | Reached skill level 12 in Conjurations
 11573 | Lair:1   | Reached XP level 11. HP: 64/64 MP: 11/21
 11587 | Lair:1   | Noticed Erica
 11697 | D:9      | Noticed a cyclops
 11796 | D:8      | Learned a level 6 spell: Conjure Ball Lightning
 12468 | D:8      | Found a sparkling altar of Nemelex Xobeh.
 12938 | D:8      | Killed Erica
 13356 | Lair:1   | Noticed Grum
 13399 | Lair:1   | Killed Grum
 13864 | Lair:1   | Reached skill level 13 in Conjurations
 13870 | Lair:1   | Noticed a six-headed hydra
 14254 | D:8      | Killed a six-headed hydra
 17756 | Lair:3   | Reached XP level 12. HP: 71/71 MP: 11/24
 18100 | Lair:3   | Noticed a seven-headed hydra
 18105 | Lair:3   | Killed a seven-headed hydra
 18105 | Lair:3   | Reached skill level 14 in Conjurations
 18470 | Lair:3   | Noticed a four-headed hydra
 18479 | Lair:3   | Killed a four-headed hydra
 18981 | Lair:3   | Found a staircase to the Shoals.
 20799 | Lair:4   | Found a staircase to the Snake Pit.
 21453 | Lair:4   | Learned a level 4 spell: Passage of Golubria
 22330 | Lair:4   | Reached skill level 15 in Conjurations
 22533 | Lair:4   | Reached XP level 13. HP: 57/78 MP: 20/27
 22740 | Lair:5   | Found a runed translucent gate.
 22741 | Lair:5   | Found a runed translucent gate.
 22742 | Lair:5   | Found a runed translucent gate.
 22742 | Lair:5   | Noticed Hairutzoic's ghost (journeyman MiBe)
 22743 | Lair:5   | Noticed Froggeryz's ghost (journeyman GrMo)
 22743 | Lair:5   | Noticed nano's ghost (journeyman KoNe)
 22743 | Lair:5   | Noticed Democracy123's ghost (adept FoFi)
 23024 | Lair:5   | Found a runed translucent door.
 23024 | Lair:5   | Noticed an acid blob
 23025 | Lair:5   | Found a viscous altar of Jiyva.
 23026 | Lair:5   | Found a staircase to the Slime Pits.
 23034 | Lair:5   | Noticed an acid blob
 23258 | Lair:5   | Offered knowledge of Bolt of Cold by Vehumet.
 23702 | Lair:6   | Entered Level 6 of the Lair of Beasts
 24152 | Lair:6   | Got a dazzling buckler
 24168 | Lair:5   | Identified the cursed +0 buckler of the Midnight Sun {rC+
                  | rCorr Stlth-} (You found it on level 6 of the Lair of
                  | Beasts)
 24852 | Lair:6   | Reached skill level 1 in Shields
 26867 | Lair:5   | Reached skill level 10 in Spellcasting
 26870 | Lair:5   | Reached skill level 16 in Conjurations
 26870 | Lair:5   | Reached XP level 14. HP: 35/84 MP: 6/29
 27350 | Lair:6   | Noticed a dire elephant
 27363 | Lair:6   | Killed a dire elephant
 28371 | D:9      | Paralysed by Maurice for 3 turns
 28377 | D:9      | Paralysed by something for 3 turns
 28496 | D:9      | Killed Maurice
 28980 | D:9      | Found a white marble altar of Elyvilon.
 29276 | D:10     | Entered Level 10 of the Dungeon
 29476 | D:10     | Noticed Josephine
 29715 | D:10     | Noticed Sonja
 29724 | D:10     | Killed Sonja
 29725 | D:10     | Reached skill level 10 in Dodging
 30161 | D:10     | Killed Josephine
 31463 | D:11     | Noticed a storm dragon
 31826 | D:11     | Reached skill level 17 in Conjurations
 32242 | D:11     | Offered knowledge of Yara's Violent Unravelling by Vehumet.
 32636 | D:11     | Found Ystos's Assorted Antiques.
 32653 | D:11     | Bought a potion of brilliance for 88 gold pieces
 32653 | D:11     | Bought a potion of haste for 220 gold pieces
 32653 | D:11     | Bought a scroll of teleportation for 66 gold pieces
 32653 | D:11     | Bought a glowing black potion for 19 gold pieces
 33484 | D:12     | Found a runed translucent door.
 33502 | D:12     | Found a transporter.
 33558 | D:12     | Found a transporter.
 33564 | D:12     | Noticed Naggiasi's ghost (journeyman KoAs)
 33684 | D:12     | Noticed Erolcha
 33684 | D:12     | Cast into level 1 of the Abyss (Erolcha)
 33716 | Abyss:1  | Found a corrupted altar of Lugonu.
 33723 | Abyss:1  | Found a corrupted altar of Lugonu.
 33748 | Abyss:1  | Noticed a bone dragon
 33789 | D:12     | Escaped the Abyss
 33792 | D:12     | Killed Erolcha
 33792 | D:12     | Reached skill level 1 in Evocations
 34266 | D:12     | Found a staircase to the Orcish Mines.
 34278 | D:12     | Found a roughly hewn altar of Beogh.
 34322 | Orc:1    | Entered Level 1 of the Orcish Mines
 34423 | D:12     | Identified the +7 ring mail "Xypent" {MR+ Str+3}
 34423 | D:12     | Noticed Rupert
 34432 | D:12     | Killed Rupert
 34432 | D:12     | Reached XP level 15. HP: 66/91 MP: 12/31
 34765 | D:12     | Identified the +9 rapier of a sewer {flame, +Inv rPois rF-
                  | Stlth+}
 35345 | D:14     | Found a gate to the Vaults.
 35446 | D:14     | HP: 3/92 [centaur/arrow[a centaur warrior] (10)]
 35449 | D:14     | Shot with a bolt by a tengu warrior

Levels and vault maps discovered:
D:1:      wander_arrival_lonely_grave, layout_rooms, minmay_misc_feat_enclosed,
          hangedman_decor_peaks_small
D:2:      layout_loops_ring, gammafunk_temple_overflow_wave
D:3:      layout_basic, bloody_trog, chequers_ecumenical_altar_simple_redux,
          serial_bayou_pond_b, nemelex_lonely_heart_becter
D:4:      layout_gridville, xom_confusion_cloud, kennysheep_little_box,
          first_ration, enter_ossuary_2, kennysheep_boxes, uniq_pikel
D:5:      layout_loops_ring, grunt_temple_overflow_order_and_chaos_2,
          st_stairs_1, uniq_grinder
D:6:      layout_basic, kennysheep_slug_shrine, nicolae_overflow_crystal_walls,
          minmay_temple_entry_trees
D:7:      minmay_bubble_buster, layout_basic
D:8:      layout_basic, nemelex_xobeh_ov_fountains_minmay,
          due_lair_maze_entry_diamond
D:9:      layout_cave_pools, elyvilon_altar_4, uniq_maurice
D:10:     layout_rooms, david_nohive_1, minmay_misc_feat_encased,
          hangedman_decor_clover_reticule, nicolae_two_hexagons, uniq_josephine,
          uniq_sonja
D:11:     kennysheep_blocky_hall, layout_loops_corners, serial_shops, shop,
          minmay_three_doors
D:12:     layout_cave_pools, minmay_orc_entry_temple_small,
          gammafunk_ghost_stat_death, minmay_crystal_box, uniq_erolcha,
          uniq_rupert
D:13:     layout_rooms, serial_shops, shop_statue,
          chequers_serial_rivers_micro_c, nicolae_ru_sacrificial_ziggurat
D:14:     layout_roguey, erik_vaults_1, serial_shops, freezing_bzr
Temple:   minmay_freezing_vapour_temple
Lair:1:   layout_loops_ring, uniq_erica, uniq_grum
Lair:2:   layout_long_grid, nicolae_volcano_entry_two_sided, minivault_19
Lair:3:   layout_loops_ring, elwin_shoals_entry_stream
Lair:4:   layout_loops_ring, guppyfry_snake_entry_island, serial_bayou_shore_b
Lair:5:   layout_gridlike, slime_altar_2, gammafunk_ghost_cemetery,
          minmay_hedge_maze, grunt_megastairs_2
Lair:6:   grunt_lair_end_beastmaster, layout_regular_city, wad_woods_01,
          lemuel_fruit_fields
Orc:1:    layout_caves, nicolae_orc_bridge_out, uniq_snorg

Skill      XL: |  1  2  3  4  5  6  7  8  9 10 11 12 13 14 15 |
---------------+----------------------------------------------+-----
Conjurations   | 2 3 4 5 7 8 10 12 13 15 16 17 | 17.7
Air Magic      | 5 6 7 8 9 10 11 12 13 | 13.7
Spellcasting   | 3 4 5 6 7 9 10 11 | 11.7
Fighting       | 2 3 5 6 7 8 9 |  9.8
Dodging        | 3 5 6 7 8 9 10 | 10.8
Translocations | 2 4 |  4.6
Shields        | 4 |  4.0
Evocations     | 1 2 |  2.7
Stealth        | |  2.0

Action                   |  1- 3 |  4- 6 |  7- 9 | 10-12 | 13-15 || total
-------------------------+-------+-------+-------+-------+-------++-------
Melee: Unarmed           |     2 |       |       |       |       ||     2
       Dagger            |     2 |    24 |     9 |       |       ||    35
       Peck              |     1 |     4 |     3 |     9 |    17 ||    34
       Kick              |     1 |     9 |     2 |    19 |    20 ||    51
       Short sword       |       |       |     5 |    57 |       ||    62
       Staff             |       |       |       |       |    61 ||    61
 Cast: Shock             |    69 |   187 |   270 |   560 |       ||  1086
       Swiftness         |       |     1 |       |     3 |     5 ||     9
       Airstrike         |       |       |    20 |    57 |   331 ||   408
       Lightning Bolt    |       |       |     1 |    57 |   253 ||   311
       Blink             |       |       |       |    15 |     4 ||    19
       Mephitic Cloud    |       |       |       |    15 |    35 ||    50
       Conjure Ball Ligh |       |       |       |     5 |     6 ||    11
       Passage of Golubr |       |       |       |       |    10 ||    10
 Abil: Fly               |       |     1 |       |       |       ||     1
Evoke: Wand              |       |       |       |       |     2 ||     2
  Use: Scroll            |       |     2 |     9 |    13 |     6 ||    30
       Potion            |       |       |       |     4 |     2 ||     6
 Stab: Confused          |       |       |       |       |     4 ||     4
  Eat: Chunk             |     2 |     6 |    14 |    38 |    58 ||   118
       Ration            |       |     1 |     1 |     7 |     9 ||    18
Armor: Robe              |     7 |       |       |       |     8 ||    15
       Troll leather arm |       |    26 |    33 |    27 |       ||    86
       Ring mail         |       |       |       |    50 |   111 ||   161
Dodge: Dodged            |    17 |    57 |    93 |   307 |   361 ||   835
Block: Buckler           |       |       |       |       |    67 ||    67
